 Dungeon Crawl Stone Soup version 0.29.0-4-gdea44cf6ec (webtiles) character file.

Game seed: 11504039775326366768

23 qw the Chopper (level 2, -5/17 HPs)
             Began as a Tengu Warper on Aug 28, 2022.
             Slain by a worm (9 damage)
             ... on level 2 of the Dungeon.
             The game lasted 00:00:05 (1156 turns).

qw the Chopper (Tengu Warper)                       Turns: 1156, Time: 00:00:06

Health: -5/17      AC: 10    Str: 11    XL:     2   Next: 95%
Magic:  6/6        EV:  2    Int: 13    God:
Gold:   72         SH:  0    Dex: 13    Spells: 5/5 levels left

rFire   . . .      SeeInvis .   Y - +0 hand axe
rCold   . . .      Faith    .   (no shield)
rNeg    . . .      Spirit   .   i - +0 plate armour
rPois   .          Reflect  .   (helmet restricted)
rElec   .          Harm     .   (no cloak)
rCorr   .          Rampage  .   (no gloves)
Will    .....                   (boots unavailable)
Stlth   ..........              (no amulet)
HPRegen 0.05/turn               (no ring)
MPRegen 0.10/turn               (no ring)

@: about to teleport
A: beak, talons 3
a: no special abilities


You were on level 2 of the Dungeon.
You visited 1 branch of the dungeon, and saw 2 of its levels.

You collected 72 gold pieces.


Innate Abilities, Weirdness & Mutations

You have a beak for a mouth.
You have claws for feet.


   Skills:
 - Level 2.0 Fighting
 + Level 3.7 Axes
 - Level 1.0 Throwing
 - Level 1.1 Armour
 - Level 2.1 Dodging
 - Level 2.0 Spellcasting
 - Level 2.4 Translocations


You had 5 spell levels left.
You didn't know any spells.
Your spell library contained the following spells:

 Spells                   Type           Power      Damage    Failure   Level
 Blink                    Tloc           14%        N/A       100%        2
 Gell's Gravitas          Tloc           7%         N/A       100%        3
 Lesser Beckoning         Tloc           7%         N/A       100%        3
 Teleport Other           Tloc           7%         N/A       100%        3
 Manifold Assault         Tloc           7%         N/A       100%        5

Inventory:

Hand Weapons
 a - a +0 mace of holy wrath
 Y - a +0 hand axe (weapon)
Armour
 i - a +0 plate armour (worn)
Scrolls
 b - a scroll of vulnerability {unknown}
 g - a scroll of teleportation
Potions
 d - a potion of heal wounds {unknown}
 e - a potion of curing

Dungeon Overview and Level Annotations

Branches:
Dungeon (2/15)

Altars:


Message History

Existing waypoints: (2) D:1 Assign waypoint to what number? (0-9, D - delete waypoint) Waypoint 1 assigned to D:2.
You hit the ball python.
You kill the ball python!
There is a stone staircase leading up here.
Found a stone staircase leading down.
You now have 64 gold pieces (gained 11).
g - 2 scrolls of teleportation (gained 1)
a - a +0 mace of holy wrath You are starting to lose your buoyancy.
1086 ||| DROPPING +0 club.
You drop a +0 club.
b - a scroll labelled NUATOR WIPNY You float gracefully downwards.
There is a stone staircase leading down here.
You now have 72 gold pieces (gained 8).
A worm comes into view.
Enter note:
Enter note: You hit the worm.
You peck the worm.
The worm is heavily wounded.
You hit the worm but do no damage. You claw the worm.
Your peck misses the worm.
The worm is heavily wounded.
The worm barely misses you.
You hit the worm. You peck the worm.
The worm is heavily wounded.
The worm bites you.
You barely miss the worm.
The worm is heavily wounded.
You hit the worm.
The worm is almost dead.
The worm bites you!
Ouch! That really hurt!
1156 ||| READING 2 scrolls of teleportation.
As you read the scroll of teleportation, it crumbles to dust.
You feel strangely unstable. The worm bites you!
Ouch! That really hurt!
You die...

#.... ## .#..##.
###.# # . .......
###.# #.#. ......#
#...# .#.###
......# #.### . ..#
..... #.# #.#.# ...
#.# #.#.##w# #.#
#....@.# #.#
###.#### #.# #.###
#.# ##...### #.#
#......# #####.#
#.##.#.# #.....#
#.##.#.######.#####
#.##..........#
#.####.########


You could see a worm.

Vanquished Creatures
  An endoplasm (D:1)
  A giant cockroach (D:1)
  3 hobgoblins (D:1)
  3 quokkas (D:1)
  2 ball pythons
  5 bats (D:1)
  2 goblins (D:1)
  A kobold (D:1)
  4 rats (D:1)
22 creatures vanquished.

Notes
Turn   | Place    | Note
-------+----------+-------------------------------------------
     0 | D:1      | qw the Tengu Warper began the quest for the Orb.
     0 | D:1      | Reached XP level 1. HP: 12/12 MP: 4/4
     0 | D:1      | 0 ||| qw: Version: 0.1-a-89-g26bdef1
     0 | D:1      | 0 ||| qw: Game counter: 2289
     0 | D:1      | 0 ||| qw: Always use a shield: true
     0 | D:1      | 0 ||| qw: God list: Okawaru
     0 | D:1      | 0 ||| qw: Allow faded altars: false
     0 | D:1      | 0 ||| qw: Do Orc after D:15 true
     0 | D:1      | 0 ||| qw: Do second Lair branch before Depths: true
     0 | D:1      | 0 ||| qw: Lair rune preference: random
     0 | D:1      | 0 ||| qw: Plans: Normal
     0 | D:1      | 0 ||| PLANNING D:1-11
   232 | D:1      | Reached XP level 2. HP: 17/17 MP: 6/6
   244 | D:1      | Reached skill level 3 in Axes
   333 | D:1      | 333 ||| Stepping ~*~*~tactically~*~*~ (stealth).
   334 | D:1      | 334 ||| Stepping ~*~*~tactically~*~*~ (stealth).
   340 | D:1      | 340 ||| Stepping ~*~*~tactically~*~*~ (stealth).
  1019 | D:1      | 1019 ||| UPGRADING to +0 plate armour.
  1029 | D:1      | 1029 ||| DROPPING +0 leather armour.
  1030 | D:1      | 1030 ||| READING 2 scrolls labelled ERELAI IRIECE.
  1031 | D:1      | 1031 ||| READING 2 scrolls labelled SULOUCEUMY.
  1036 | D:1      | 1036 ||| READING scroll labelled WONOORGH ESAASO.
  1037 | D:1      | 1037 ||| DRINKING 2 pink potions.
  1038 | D:1      | 1038 ||| DRINKING 2 bubbling brown potions.
  1039 | D:1      | 1039 ||| DROPPING scroll of butterflies.
  1040 | D:1      | 1040 ||| DROPPING scroll of blinking.
  1041 | D:1      | 1041 ||| DROPPING potion of flight.
  1086 | D:2      | 1086 ||| DROPPING +0 club.
  1155 | D:2      | HP: 4/17 [worm (9)]
  1156 | D:2      | 1156 ||| READING 2 scrolls of teleportation.
  1156 | D:2      | Slain by a worm

Levels and vault maps discovered:
D:1:      matt_arrival_spirals, layout_basic
D:2:      minmay_general_purpose_star, layout_loops_cross,
          shapermc_ecumenical_altar_ellora

Skill      XL: |  1  2 |
---------------+-------+-----
Axes           | 3 |  3.7
Fighting       | |  2.0
Throwing       | |  1.0
Armour         | |  1.1
Dodging        | |  2.1
Spellcasting   | |  2.0
Translocations | |  2.4

Action                   || total
-------------------------++-------
Melee: Hand axe          ||    47
       Kick              ||    11
       Peck              ||     5
Throw: Boomerang         ||     7
  Use: Scroll            ||     4
       Potion            ||     2
Armor: Leather armour    ||    10
Dodge: Dodged            ||    16

Table legend:
 A = Non-vault XP
 B = Vault XP
 C = Vault XP percentage of total XP
 D = Non-vault monster count
 E = Vault monster count
 F = Vault count percentage of total count
                 A         B        C        D         E       F
            +---------+---------+-------+---------+---------+-------
      Total |      33 |       0 |   0.0 |      22 |       0 |   0.0
            +---------+---------+-------+---------+---------+-------
        D:1 |      31 |       0 |   0.0 |      21 |       0 |   0.0
        D:2 |       2 |       0 |   0.0 |       1 |       0 |   0.0
            +---------+---------+-------+---------+---------+-------
